Map: Aire du défenseur EC

Players

NewMan - Winner!

  • Race: Zerg Zerg
  • League: Platinum
  • Spawn Location: 7:00

zidar

  • Race: Zerg Zerg
  • League: Gold
  • Spawn Location: 1:00

VOD

Have the link to the VOD?

Description

Time

  • Played on: July 8, 2017, 3:05 p.m.
  • Length: 4:39
Show
View Real Time Build Order
Export as new Build Order

NewMan Zerg - Winner!

Build Orders: Pool First 

Get SALT Encoding   

  12  0:02  Drone  
  13  0:10  Drone  
  14  0:21  Overlord  
  14  0:41  Drone  
  14  0:42  Drone x2  
  17  0:55  Spawning Pool  
  16  0:57  Drone  
  16  1:01  Extractor  
  16  1:05  Drone  
  17  1:28  Drone  
  17  1:30  Drone  
  17  1:31  Hatchery  
  18  1:44  Queen  
  20  1:51  Zergling x2  
  21  2:00  Roach Warren  
  20  2:04  Drone  
  20  2:07  Overlord  
  21  2:21  Drone  
  22  2:31  Drone x2  
  24  2:43  Queen  
  26  2:45  Roach  
  26  2:46  Roach  
  30  3:00  Roach  
  30  3:01  Roach  
  30  3:02  Roach  
  36  3:06  Overlord  
  36  3:14  Spine Crawler  
  35  3:28  Spine Crawler  
  35  3:38  Roach  
  35  3:39  Roach x2  
  35  3:40  Roach  
  42  3:41  Roach  
  42  3:47  Overlord  
  44  3:57  Overlord  
  44  4:08  Overlord  
Show
View Real Time Build Order
Export as new Build Order

zidar Zerg 

Build Orders: Pool First 

Get SALT Encoding   

  12  0:02  Drone  
  13  0:12  Overlord  
  13  0:17  Drone  
  14  0:31  Drone x2  
  16  0:41  Drone  
  17  0:49  Spawning Pool  
  16  0:51  Drone  
  17  1:14  Hatchery  
  17  1:18  Drone  
  17  1:20  Extractor  
  16  1:35  Queen  
  18  1:41  Drone  
  18  1:43  Overlord  
  19  1:47  Drone  
  20  2:06  Roach Warren  
  19  2:08  Drone  
  19  2:30  Queen  
  19  2:36  Drone x4  
  25  2:37  Overlord  
  25  2:52  Drone  
  25  2:53  Drone  
  27  3:05  Drone x3  
  30  3:06  Pneumatized Carapace, Drone  
  30  3:12  Zergling x4  
  33  3:22  Extractor  
  31  4:06  Roach x2  
  31  4:09  Overlord x5  
  35  4:22  Spine Crawler  
  35  4:23  Spine Crawler  
  33  4:24  Spine Crawler  
  33  4:29  Spine Crawler  
Tags
 
Add a new tag
Caveats
  • Supply blocks, unpowered buildings, or Contaminate may cause inaccurate times.
  • Supply counts are checked every 10 seconds.